 Dungeon Crawl Stone Soup version 0.31-a0-836-g3ceb0a68c4 (webtiles) character file.

Game seed: 7007505998608208711

433 Kurtz the Chopper (level 7, -2/46 HPs)
             Began as an Octopode Fighter on Sept 26, 2023.
             Was an Initiate of Gozag.
             Slain by an ogre
             ... wielding a +0 giant club
              (24 damage)
             ... on level 5 of the Dungeon.
             The game lasted 00:02:40 (3042 turns).

Kurtz the Chopper (Octopode Fighter)                Turns: 3042, Time: 00:02:41

Health: -2/46      AC:  8    Str: 17    XL:     7   Next: 0%
Magic:  7/7        EV: 13    Int: 11    God:    Gozag
Gold:   235        SH:  4    Dex: 11    Spells: 6/6 levels left

rFire   . . .        l - +2 mace (protect)
rCold   . . .        b - +0 buckler
rNeg    . . .        (helmet restricted)
rPois   .            (no amulet)
rElec   .            g - ring of flight
rCorr   +            s - ring of see invisible
SInv    +            p - ring of resist corrosion
Will    .....        (no ring)
Stlth   ++           (no ring)
HPRegen 0.27/turn    (no ring)
MPRegen 0.10/turn    (no ring)
                     (no ring)

%: no passive effects
@: gold aura, under a protective aura, flying
A: almost no armour, amphibious, 8 rings, camouflage 1, gelatinous body 1,
(nimble swimmer 1), tentacles
a: Renounce Religion, Potion Petition, Call Merchant, Bribe Branch


You were on level 5 of the Dungeon.
You worshipped Gozag.
Gozag was aware of your devotion.
You visited 2 branches of the dungeon, and saw 6 of its levels.

You collected 296 gold pieces.
You paid 61 gold pieces to Gozag.

Inventory:

Hand Weapons
 a - a +0 war axe
 l - a +2 mace of protection (weapon)
Missiles
 o - 11 poisoned darts
Armour
 b - a +0 buckler (worn)
Jewellery
 e - a ring of magical power
 g - a ring of flight (left tentacle)
 p - a ring of resist corrosion (on tentacle)
 s - a ring of see invisible (right tentacle)
Wands
 t - a wand of acid (11)
Scrolls
 d - a scroll of enchant weapon {unknown}
 f - a scroll of poison {unknown}
 h - a scroll of immolation {unknown}
 j - a scroll of blinking {unknown}
 k - a scroll of fear {unknown}
 m - 4 scrolls of identify {unknown}
 q - a scroll of revelation {unknown}
 r - a scroll of acquirement {unknown}
Potions
 c - a potion of might
 u - a potion of degeneration {unknown}


   Skills:
 - Level 3.0 Fighting
 * Level 7.3 Axes
 - Level 3.0 Dodging
 - Level 3.0 Shields


You had 6 spell levels left.
You didn't know any spells.
Your spell library was empty.

Dungeon Overview and Level Annotations

Branches:
Dungeon (5/15)             Temple (1/1) D:4

Altars:
Ashenzari
Cheibriados
Fedhas
Gozag
Hepliaklqana
Kikubaaqudgha
Makhleb
Nemelex Xobeh
Qazlal
Ru
Sif Muna
Trog
Uskayaw
Vehumet
Wu Jian
Xom
Yredelemnul
Zin


Innate Abilities, Weirdness & Mutations

You cannot wear most types of armour.
You are amphibious.
You can wear up to eight rings at the same time.
Your skin changes colour to match your surroundings (Stealth+).
Your rubbery body absorbs attacks. (AC +1, EV +1)
((You are camouflaged when in or above water. (Stealth+)))
You have tentacles for arms and can constrict up to eight enemies at once.


Message History

There is a stone staircase leading up here.
A hound comes into view.
A hound is nearby!
A hound is nearby!
The hound barks!
You block the hound's attack.
You barely miss the hound. Your grab misses the hound.
Your squeeze misses the hound. The hound bites you.
The hound barely misses you.
An ogre comes into view. It is wielding a +0 giant club.
You miss the hound.
The ogre shouts!
Your grab misses the hound. You squeeze the hound.
The hound is lightly wounded.
The hound bites you. You block the hound's attack.
There are monsters nearby!
You hit the hound.
Your weapon exudes an aura of protection.
You grab the hound.
The hound is moderately wounded.
You constrict the hound. The hound bites you but does no damage.
The hound misses you.
You hit the hound. You squeeze the hound.
You kill the hound!
You have reached level 7!
You sock the ogre!
The ogre is moderately wounded.
The ogre hits you with a +0 giant club.
Unknown command.
You closely miss the ogre.
The ogre is moderately wounded.
The ogre hits you with a +0 giant club!
You are too injured to fight recklessly!
You are too injured to fight recklessly!
You sock the ogre! You squeeze the ogre.
The ogre is severely wounded.
The ogre hits you with a +0 giant club!!
Ouch! That really hurt!
You die...
Your body crumbles into a pile of gold.

##### ##<#.# ...#.##
......# .....## #
##################$###
................@O...#
##################.#.#
#


You could see an ogre.

Vanquished Creatures
  A scorpion (D:4)
  2 hounds
  A jelly (D:4)
  Ijyb (D:3)
  3 iguanas (D:4)
  An orc wizard (D:4)
  Robin (D:3)
  4 adders
  2 ufetubi (D:4)
  4 worms
  A dart slug (D:1)
  7 ball pythons
  5 bats
  3 endoplasms
  5 giant cockroaches
  13 goblins
  6 hobgoblins
  4 jackals (D:2)
  4 quokkas
  2 frilled lizards (D:1)
  7 kobolds
  6 rats
83 creatures vanquished.

Vanquished Creatures (others)
  An orc wizard (D:4)
  An orc (D:4)
2 creatures vanquished.

Grand Total: 85 creatures vanquished

Notes
Turn   | Place    | Note
-------+----------+-------------------------------------------
     0 | D:1      | Kurtz the Octopode Fighter began the quest for the Orb.
     0 | D:1      | Reached XP level 1. HP: 16/16 MP: 1/1
    69 | D:1      | Reached XP level 2. HP: 18/21 MP: 2/2
   159 | D:1      | Reached skill level 3 in Axes
   453 | D:1      | Reached XP level 3. HP: 20/26 MP: 3/3
  1096 | D:2      | Reached skill level 4 in Axes
  1312 | D:2      | Reached XP level 4. HP: 28/31 MP: 4/4
  1589 | D:3      | Noticed Robin
  1833 | D:3      | Noticed Ijyb
  1842 | D:3      | Noticed an orc warrior
  1845 | D:3      | Killed Ijyb
  1846 | D:3      | Identified the +3 leather armour of Zaokliuce {Rampage}
  1984 | D:3      | Reached skill level 5 in Axes
  1986 | D:3      | Reached XP level 5. HP: 30/36 MP: 5/5
  1995 | D:3      | Killed Robin
  2070 | D:4      | Found a staircase to the Ecumenical Temple.
  2086 | Temple   | Entered the Ecumenical Temple
  2173 | Temple   | Became a worshipper of Gozag Ym Sagoz the Greedy
  2239 | D:4      | Reached skill level 6 in Axes
  2239 | D:4      | Reached XP level 6. HP: 35/42 MP: 6/6
  2841 | D:4      | Reached skill level 7 in Axes
  3002 | D:5      | Entered Level 5 of the Dungeon
  3040 | D:5      | Reached XP level 7. HP: 40/46 MP: 7/7
  3042 | D:5      | Slain by an ogre

Illustrated notes

Levels and vault maps discovered:
D:1:      matt_arrival_diagonals, layout_loops_ring
D:2:      layout_basic, dreamdust_mushroom_princess
D:3:      layout_rooms, okawaru_ov_weapons_minmay, roderic_lattice_a, uniq_ijyb,
          uniq_robin
D:4:      layout_loops_cross, minmay_temple_entry_arrows
D:5:      layout_basic, serial_shops, shop, sigmund_edmund_badplayer,
          uniq_sigmund, uniq_prince_ribbit1
Temple:   dpeg_three_leaves_temple

Skill      XL: |  1  2  3  4  5  6 |
---------------+-------------------+-----
Axes           | 3 4 5 6 7 |  7.3
Fighting       | |  3.0
Dodging        | |  3.0
Shields        | |  3.0

Action                     |  1- 3 |  4- 6 |  7- 9 || total
---------------------------+-------+-------+-------++-------
  Melee: War axe           |    52 |       |       ||    52
         Constrict         |    16 |    25 |       ||    41
         Tentacles         |    14 |    22 |     1 ||    37
         Mace              |     7 |    95 |     3 ||   105
         Punch             |       |     1 |       ||     1
    Use: Potion            |       |     3 |       ||     3
   Stab: Sleeping          |    12 |     8 |       ||    20
         Invisible         |       |     2 |       ||     2
 Armour: Skin              |    26 |    66 |     3 ||    95
  Dodge: Dodged            |    33 |    75 |       ||   108
  Block: Buckler           |     9 |    32 |       ||    41

Table legend: (Time is in decaauts)
 A = Elapsed time spent in this place.
 B = Non-inter-level travel time spent in this place.
 C = Inter-level travel time spent in this place.
 D = Time resting spent in this place.
 E = Time spent auto-exploring this place.
 F = Levels seen in this place.
 G = Mean time per level.
                   A        B        C        D        E       F      G
               +--------+--------+--------+--------+--------+-----+--------+
         Total |   3070 |   2880 |    190 |    585 |   1761 |   6 |  511.7 |
       Dungeon |   2980 |   2793 |    187 |    523 |   1761 |   5 |  596.0 |
        Temple |     89 |     86 |      3 |     62 |      0 |   1 |   89.0 |
               +--------+--------+--------+--------+--------+-----+--------+

Top non-repeatable levels by time:
     D:2: 1225 daAuts
     D:4: 849 daAuts
     D:1: 724 daAuts
     D:3: 138 daAuts
  Temple: 89 daAuts
     D:5: 41 daAuts
